 Dungeon Crawl Stone Soup version 0.28.0-43-g3370ac3207 (webtiles) character file.

Game seed: 3939421131779586093

20 NinjaNoafa the Sneak (level 3, -21/22 HPs)
             Began as a Kobold Brigand on Apr 1, 2022.
             Killed by an exploding goblin (27 damage)
             ... ignited by their inner flame
             ... on level 2 of the Dungeon.
             The game lasted 00:04:07 (1002 turns).

NinjaNoafa the Sneak (Kobold Brigand)               Turns: 1002, Time: 00:04:07

Health: -21/22     AC:  6    Str:  8    XL:     3   Next: 0%
Magic:  3/3        EV: 14    Int: 12    God:
Gold:   25         SH:  0    Dex: 18    Spells: 2/2 levels left

rFire   . . .      SeeInvis .   a - +3 dagger
rCold   . . .      Faith    .   (no shield)
rNeg    . . .      Spirit   .   b - +0 robe
rPois   .          Reflect  .   (no helmet)
rElec   .          Harm     .   c - +1 cloak
rCorr   .          Rampage  .   n - +0 pair of gloves
Will    .....                   g - +0 pair of boots
Stlth   ++++......              (no amulet)
HPRegen 0.07/turn               (no ring)
MPRegen 0.08/turn               (no ring)

@: invisible
A: small, no large weapons, nightstalker 3
a: no special abilities


You were on level 2 of the Dungeon.
You visited 1 branch of the dungeon, and saw 2 of its levels.

You collected 25 gold pieces.

Inventory:

Hand Weapons
 a - a +3 dagger (weapon)
Missiles
 d - 6 poisoned darts (quivered)
 e - 2 curare-tipped darts
 j - 28 stones
 m - 24 arrows
Armour
 b - a +0 robe (worn)
 c - a +1 cloak (worn)
 g - a +0 pair of boots (worn)
 n - a +0 pair of gloves (worn)
Potions
 i - a potion of attraction {unknown}
 l - a potion of magic {unknown}


   Skills:
 + Level 2.4 Fighting
 + Level 2.9 Short Blades
 * Level 2.8 Throwing
 + Level 1.5 Dodging
 * Level 5.6 Stealth


You had 2 spell levels left.
You didn't know any spells.
Your spell library was empty.

Dungeon Overview and Level Annotations

Branches:
Dungeon (2/15)

Altars:

Annotations:
D:1 Robin


Innate Abilities, Weirdness & Mutations

You are small and have problems with some larger weapons.
You are completely attuned to the shadows.


Message History

The goblins go into a battle-frenzy!
The goblin barely misses you. The goblin hits you with a +0 dagger.
The hobgoblin hits you but does no damage.
It was a potion of invisibility.
You fade into invisibility!
The goblin barely misses you. x2; The goblin hits you with a +0 dagger.
The hobgoblin hits you.
The goblin closely misses you. x2; The goblin barely misses you.
The hobgoblin completely misses you. The goblin barely misses you.
The goblin hits you but does no damage. The goblin closely misses you.
The hobgoblin closely misses you. The goblin barely misses you.
The goblin closely misses you. The goblin barely misses you.
The hobgoblin closely misses you.
The goblin hits you but does no damage. x2; The goblin closely misses you.
The hobgoblin closely misses you. The goblin hits you but does no damage.
The goblin closely misses you. x2
The hobgoblin closely misses you. The goblin completely misses you.
The goblin misses you. The goblin completely misses you.
The hobgoblin barely misses you. The goblin barely misses you.
The goblin hits you but does no damage. The goblin misses you.
The hobgoblin hits you but does no damage.
The goblin hits you with a +0 club.
* * * LOW HITPOINT WARNING * * *
The goblin misses you. The goblin hits you but does no damage.
The hobgoblin closely misses you.
You climb downwards.
The hobgoblin closely misses you. The ball python barely misses you.
The goblin unwields a +0 dagger.
The goblin wields a +0 hunting sling.
The goblin shoots a stone.
The stone hits the goblin.
The goblin explodes!
The fiery explosion engulfs the endoplasm!!!
You kill the endoplasm!
The fiery explosion engulfs the hobgoblin!!
You kill the hobgoblin!
The fiery explosion engulfs the goblin!!
You kill the goblin!
The fiery explosion engulfs you!!
Ouch! That really hurt!
You die...

........#
........#
.......##
...Sgg..#
...§@g..#
...§§§gK#
...§§....
.........
....g..#.


You could see a hobgoblin (inner flame), 4 goblins, a ball python and a kobold.

Vanquished Creatures
  A dart slug (D:1)
  A bat (D:1)
  2 endoplasms
  5 goblins
  2 hobgoblins
  3 kobolds (D:1)
  4 ball pythons (D:1)
  A frilled lizard (D:1)
  3 rats (D:1)
22 creatures vanquished.

Vanquished Creatures (others)
  A goblin (D:2)
1 creature vanquished.

Grand Total: 23 creatures vanquished

Notes
Turn   | Place    | Note
-------+----------+-------------------------------------------
     0 | D:1      | NinjaNoafa the Kobold Brigand began the quest for the Orb.
     0 | D:1      | Reached XP level 1. HP: 12/12 MP: 1/1
   267 | D:1      | Reached XP level 2. HP: 17/17 MP: 2/2
   757 | D:1      | Found a faded altar of an unknown god.
   820 | D:1      | Reached XP level 3. HP: 22/22 MP: 3/3
   986 | D:2      | Noticed Robin
  1002 | D:2      | Killed by an exploding goblin... ignited by their inner
                  | flame

Illustrated notes

Levels and vault maps discovered:
D:1:      ebering_trefoil_twist, layout_loops_cross,
          dreamdust_ecumenical_altar_grove
D:2:      layout_rooms, uniq_robin, uniq_natasha

Action                   || total
-------------------------++-------
Melee: Dagger            ||    41
       Punch             ||     1
Throw: Dart              ||     3
       Stone             ||    15
  Use: Scroll            ||     3
       Potion            ||     1
 Stab: Sleeping          ||     4
Armor: Robe              ||    21
Dodge: Dodged            ||    55
